 Dungeon Crawl Stone Soup version 0.27.1-34-g3ba077fa99 (webtiles) character file.

Game seed: 18221799898326898069

115 zeram the Shield-Bearer (level 5, -7/33 HPs)
             Began as a Gargoyle Fighter on Jan 20, 2022.
             Engulfed by a steam dragon's steam (19 damage)
             ... on level 3 of the Dungeon.
             The game lasted 00:02:34 (2528 turns).

zeram the Shield-Bearer (Gargoyle Fighter)          Turns: 2528, Time: 00:02:34

Health: -7/33      AC: 11    Str: 21    XL:     5   Next: 0%
Magic:  5/5        EV:  7    Int:  8    God:
Gold:   82         SH:  9    Dex:  9    Spells: 4/4 levels left

rFire    . . .     SeeInvis .   a - +0 flail (freeze)
rCold    . . .     Faith    .   c - +0 kite shield
rNeg     + . .     Spirit   .   b - +0 scale mail
rPois    ∞         Reflect  .   (no helmet)
rElec    +         Harm     .   (no cloak)
rCorr    .         Rampage  .   (no gloves)
Will     .....                  (no boots)
Stlth    ..........             (no amulet)
HPRegen  0.11/turn              i - ring of wizardry
MPRegen  0.09/turn              (no ring)

@: no status effects
A: sickness immunity, AC +4, negative energy resistance 1, electricity
resistance, torment resistance 1, petrification resistance
a: no special abilities


You were on level 3 of the Dungeon.
You visited 1 branch of the dungeon, and saw 3 of its levels.

You collected 82 gold pieces.

Inventory:

Hand Weapons
 a - a +0 flail of freezing (weapon)
Armour
 b - a +0 scale mail (worn)
 c - a +0 kite shield (worn)
Jewellery
 i - a ring of wizardry (left hand)
Potions
 e - 2 potions of mutation
 f - a potion of haste {unknown}
 h - a potion of attraction {unknown}
 j - a potion of cancellation {unknown}
 k - a potion of ambrosia {unknown}
 l - a potion of heal wounds
 n - a potion of curing {unknown}
 o - 2 potions of degeneration {unknown}


   Skills:
 + Level 3.7 Fighting
 + Level 3.0 Maces & Flails
 + Level 4.1 Armour
 + Level 0.5 Dodging
 + Level 0.2 Stealth
 + Level 4.2 Shields


You had 4 spell levels left.
You didn't know any spells.
Your spell library contained the following spells:

 Spells                   Type           Power      Damage    Failure   Level
 Summon Forest            Summ/Tloc      0%         N/A       100%        5
 Eringya's Noxious Bog    Tmut/Pois      0%         N/A       100%        6
 Summon Hydra             Summ           0%         N/A       100%        7


Dungeon Overview and Level Annotations

Branches:
Dungeon (3/15)

Altars:


Innate Abilities, Weirdness & Mutations

You are immune to sickness and miasma.
Your stone body is resilient. (AC +4)
You are immune to poison.
You resist negative energy. (rN+)
You are resistant to electric shocks. (rElec)
You are resistant to unholy torment.
You are immune to petrification.


Message History

There are monsters nearby!
There are monsters nearby!
Found a stone staircase leading down.
There is an open door here.
The rat twitches its whiskers.
You thump the rat! You freeze the rat.
You kill the rat!
The kobold throws a poisoned dart.
You block the poisoned dart. The kobold barely misses you.
You barely miss the kobold. The kobold hits you but does no damage.
The kobold hits you with a +0 short sword.
You sock the kobold! You freeze the kobold.
You kill the kobold!
You have reached level 5!
HP restored.
Things that are here:
a +0 short sword; 6 poisoned darts; a kobold corpse You open the door.
There is an open door here.
A steam dragon comes into view.
The steam dragon breathes steam at you. The ball of steam hits you!
The steam dragon moves out of view.
You're standing in a cloud of steam!
You're standing in a cloud of steam!
You're standing in a cloud of steam!
No target in view!
No target in view!
No target in view!
Unknown command.
You are engulfed in a cloud of scalding steam.
No reachable target in view!
You aren't carrying any items that you can evoke.
It was a potion of heal wounds.
You feel much better. The steam dragon breathes steam at you.
The ball of steam hits you!!
Ouch! That really hurt!
You closely miss the steam dragon.
You are engulfed in a cloud of scalding steam.
Ouch! That really hurt!
You die...

#. #.## #+## ..# ##...##
#.### ##.....## #§#.##
##.....>.#
#######§.§.####........#
.......§§.....'........#
####.D@.####........#
#.#.## ##.).....# #.#.#
##.....## ..#.# ##...##
#.##.# ##'## .. ..# #.#
##. ### #.# .. ##.##
##...##


You could see a steam dragon.

Vanquished Creatures
  5 adders
  A worm (D:2)
  2 dart slugs (D:1)
  2 bats (D:2)
  7 endoplasms
  A giant cockroach (D:2)
  9 goblins
  6 hobgoblins
  5 jackals
  6 kobolds
  2 quokkas (D:2)
  3 ball pythons
  5 frilled lizards
  6 rats
60 creatures vanquished.

Notes
Turn   | Place    | Note
-------+----------+-------------------------------------------
     0 | D:1      | zeram the Gargoyle Fighter began the quest for the Orb.
     0 | D:1      | Reached XP level 1. HP: 14/14 MP: 1/1
   165 | D:1      | Reached XP level 2. HP: 17/19 MP: 2/2
   565 | D:1      | Reached XP level 3. HP: 23/23 MP: 3/3
  1432 | D:2      | Reached XP level 4. HP: 26/28 MP: 4/4
  1512 | D:2      | Found a faded altar of an unknown god.
  2470 | D:3      | Reached XP level 5. HP: 28/33 MP: 5/5
  2521 | D:3      | Noticed a steam dragon
  2528 | D:3      | Engulfed by a steam dragon's steam

Illustrated notes

Levels and vault maps discovered:
D:1:      ncdulo_halloftheorcs, layout_basic, chequers_serial_rivers_micro_e
D:2:      minmay_razor_zed, layout_rooms, shapermc_ecumenical_altar_mp_vishouse,
          kennysheep_boxes
D:3:      layout_loops_corners, nicolae_yredelemnul_ghost_church,
          uniq_crazy_yiuf_cottage

Skill      XL: |  1  2  3  4 |
---------------+-------------+-----
Shields        | 4 |  4.2
Armour         | 4 |  4.1
Maces & Flails | 3 |  3.0
Fighting       | |  3.7
Dodging        | |  0.5
Stealth        | |  0.2

Action                   |  1- 3 |  4- 6 || total
-------------------------+-------+-------++-------
Melee: Flail             |   120 |    79 ||   199
  Use: Scroll            |     2 |     3 ||     5
       Potion            |     1 |     1 ||     2
Armor: Scale mail        |    85 |    52 ||   137
Dodge: Dodged            |    43 |    24 ||    67
Block: Kite shield       |    80 |    47 ||   127
